 Dungeon Crawl Stone Soup version 0.18.1-50-g88ac8fd (webtiles) character file.

50 go0n the Ruffian (level 3, -5/36 HPs)
             Began as a Troll Berserker on Sept 29, 2016.
             Was a Believer of Trog.
             Slain by a centaur (6 damage)
             ... on level 3 of the Dungeon.
             The game lasted 00:04:31 (1727 turns).

go0n the Ruffian (Troll Berserker)                  Turns: 1727, Time: 00:04:32

Health: -5/36      AC:  5    Str: 26    XL:     3   Next: 55%
Magic:  2/2        EV: 10    Int:  3    God:    Trog [**....]
Gold:   108        SH:  0    Dex:  9    Spells: 0 memorised, 2 levels left

rFire  . . .     SeeInvis .       - Unarmed
rCold  . . .     Gourm    +     a - +0 animal skin
rNeg   . . .     Faith    .     (no shield)
rPois  .         Spirit   .     (helmet restricted)
rElec  .         Dismiss  .     (no cloak)
rCorr  .         Reflect  .     (gloves unavailable)
SustAt .         Harm     .     (boots unavailable)
MR     +....                    i - amulet of rage
Stlth  ..........               (no ring)
                                d - ring of loudness (curse)

@: somewhat resistant to hostile enchantments, extremely unstealthy
A: unfitting armour, claws 3, fast metabolism 3, gourmand, magic resistance 1,
regeneration 2, shaggy fur 1, tough skin 2
a: Berserk, Trog's Hand, Burn Spellbooks, Renounce Religion, Evoke Berserk Rage


You were on level 3 of the Dungeon.
You worshipped Trog.
Trog was pleased with you.
You were hungry.

You visited 1 branch of the dungeon, and saw 3 of its levels.

You collected 108 gold pieces.

Inventory:

Armour
 a - a +0 animal skin (worn)
Jewellery
 d - a cursed ring of loudness (left claw)
 i - an amulet of rage (around neck)
Scrolls
 g - a scroll of enchant armour {unknown}
 h - 4 scrolls of identify
 l - a scroll of magic mapping {unknown}
Potions
 c - a potion of curing
 e - 2 potions of cancellation {unknown}
 f - 2 potions of degeneration {unknown}
 m - a potion of agility {unknown}
 n - 2 potions of mutation {unknown}
Comestibles
 b - a bread ration
 j - a beef jerky
 k - a meat ration


   Skills:
 + Level 2.7 Fighting
 + Level 2.9 Dodging
 + Level 3.7 Unarmed Combat


You had 2 spell levels left.
You didn't know any spells.

Dungeon Overview and Level Annotations

Branches:
Dungeon (3/15)

Altars:


Innate Abilities, Weirdness & Mutations

You are too large for most types of armour.
You have claws for hands.
Your metabolism is lightning-fast.
You like to eat raw meat.
You heal very quickly.
You are covered in fur (AC +1).
You have very tough skin (AC +2).
You are resistant to hostile enchantments.


Message History

You climb downwards.
There is a stone staircase leading up here.
You are feeling hungry.
A centaur comes into view.
The centaur wields a glowing shortbow.
It bursts into flame!
The centaur shoots an arrow.
The arrow hits you! The arrow burns you.
You see here an arrow.
The centaur shoots an arrow.
The arrow hits you! The arrow burns you.
The centaur shoots an arrow.
The arrow hits you.
* * * LOW HITPOINT WARNING * * *
The arrow burns you.
* * * LOW HITPOINT WARNING * * *
You see here an arrow.
The centaur unwields an uncursed shortbow of flaming.
It stops flaming.
The centaur hits you.
* * * LOW HITPOINT WARNING * * *
You scratch the centaur.
The centaur is lightly wounded.
The centaur hits you.
You die...

#########
#.c@(...#
######(##
#.# #.#
#.# #.#
++### #.#
..#.# #.#
#.#.# #.#


You could see a centaur.

Vanquished Creatures
  2 worms (D:2)
  A dart slug (D:1)
  A giant gecko (D:1)
  3 giant cockroaches
  4 goblins
  A hobgoblin (D:1)
  8 jackals
  A quokka (D:2)
  7 bats
  4 giant newts
  2 kobolds
  5 rats
39 creatures vanquished.

Notes
Turn   | Place    | Note
--------------------------------------------------------------
     0 | D:1      | go0n the Troll Berserker began the quest for the Orb.
     0 | D:1      | Reached XP level 1. HP: 22/22 MP: 0/0
   261 | D:1      | Reached XP level 2. HP: 26/29 MP: 1/1
   864 | D:1      | Gained mutation: You are resistant to hostile enchantments. [potion of beneficial mutation]
   891 | D:2      | Reached ** piety under Trog
   894 | D:2      | Reached XP level 3. HP: 35/36 MP: 2/2
  1723 | D:3      | Noticed a centaur
  1726 | D:3      | HP: 1/36 [centaur (6)]
  1727 | D:3      | Slain by a centaur

Action                   || total
-------------------------++-------
Melee: Unarmed           ||   123
       Punch             ||     1
  Use: Potion            ||     3
       Scroll            ||     3
  Eat: Chunk             ||     8
       Bread ration      ||     1
Armor: Animal skin       ||    58
Dodge: Dodged            ||    85
